 Dungeon Crawl Stone Soup version 0.21-a0-528-gf531e82 (webtiles) character file.

2874 Amnesiac the Shooter (level 9, -3/68 HPs)
             Began as a Mummy Hunter on Dec 8, 2017.
             Was an Elder of Okawaru.
             Slain by an orc warrior
             ... wielding a +0 hand axe
              (10 damage)
             ... in a bailey.
             The game lasted 00:14:06 (8735 turns).

Amnesiac the Shooter (Mummy Hunter)                 Turns: 8735, Time: 00:14:07

Health: -3/68      AC:  9    Str: 22    XL:     9   Next: 47%
Magic:  10/12      EV: 16    Int: 10    God:    Okawaru [****..]
Gold:   268        SH:  0    Dex: 12    Spells: 8/8 levels left

rFire    x . .     SeeInvis .   a - +1 shortbow
rCold    + . .     Gourm    .   (shield currently unavailable)
rNeg     + + +     Faith    .   k - +0 ring mail
rPois    ∞         Spirit   .   (no helmet)
rElec    .         Reflect  .   (no cloak)
rCorr    .         Harm     +   v - +1 pair of gloves {Str+3}
MR       +....                  (no boots)
Stlth    ++........             y - amulet of harm
HPRegen  0.21/turn              x - ring of flight
MPRegen  0.13/turn              (no ring)

@: heroism, very slightly contaminated
A: no food or potions, fire vulnerability, cold resistance 1, negative energy
resistance 3, torment resistance, unbreathing
a: Heroism, Renounce Religion, Evoke Flight


You were in a bailey.
You worshipped Okawaru.
Okawaru was greatly pleased with you.
You were not hungry.

You visited 1 branch of the dungeon, and saw 8 of its levels.
You also visited: Sewer and Bailey.

You collected 268 gold pieces.

Inventory:

Hand Weapons
 a - a +1 shortbow (weapon)
 b - a +1 dagger of speed
 c - a +2 hand axe of electrocution
 m - a +0 morningstar
Missiles
 d - 31 arrows (quivered)
 e - 61 bolts
 g - 4 javelins
 i - 199 stones
 s - 18 poisoned needles
 z - a throwing net
Armour
 k - a +0 ring mail (worn)
 v - a +1 pair of gloves of strength (worn)
Jewellery
 x - a ring of flight (left hand)
 y - an amulet of harm (around neck)
Wands
 w - a wand of flame (65)
Scrolls
 f - 4 scrolls of teleportation {!r}
 h - 2 scrolls of fog {!r}
 j - 2 scrolls of random uselessness {!r, unknown}
 l - a scroll of amnesia {!r}
 n - 2 scrolls of enchant armour {!r}
 o - 5 scrolls of remove curse {!r}
 p - 2 scrolls of blinking {!r}
 q - a scroll of brand weapon {!r}
 r - a scroll of magic mapping {!r}
 t - a scroll of enchant weapon {!r}
 u - 2 scrolls of immolation {!r}


   Skills:
 + Level 5.6(10.6) Fighting
 * Level 7.2(12.2) Bows
 + Level 4.6(9.6) Armour
 + Level 4.6(9.6) Dodging
 - Level 0.7(5.7) Stealth
 + Level 4.4 Invocations


You had 8 spell levels left.
You didn't know any spells.

Dungeon Overview and Level Annotations

Branches:
Dungeon (8/15)             Temple (0/1) D:5
   Lair: D:8-11

Altars:
Cheibriados
Dithmenos
Elyvilon
Okawaru
Qazlal
Trog
Vehumet

Shops:
D:4 :   D:6 !

Annotations:
D:3 Grinder


Innate Abilities, Weirdness & Mutations

You do not eat or drink.
Your flesh is vulnerable to fire.
You are immune to poison.
Your flesh is cold resistant. (rC+)
You are immune to negative energy. (rN+++)
You are immune to unholy pain and torment.
You can survive without breathing.


Message History

Aim: an orc warrior, wielding a hand axe and wearing a ring mail (heavily wounded)
You shoot an arrow.
The arrow closely misses the orc warrior.
The orc warrior hits you with a hand axe.
* * * LOW HITPOINT WARNING * * *
Firing (i - inventory. (,) - cycle):
d - 40 arrows (quivered)
Press: ? - help, Shift-Dir - straight line, f/p - orc warrior
Aim: an orc warrior, wielding a hand axe and wearing a ring mail (heavily wounded)
You shoot an arrow.
The arrow closely misses the orc warrior.
The orc warrior hits you with a hand axe!
* * * LOW HITPOINT WARNING * * *
Firing (i - inventory. (,) - cycle):
d - 39 arrows (quivered)
Press: ? - help, Shift-Dir - straight line, f/p - orc warrior
Aim: an orc warrior, wielding a hand axe and wearing a ring mail (heavily wounded)
You shoot an arrow. The arrow hits the orc warrior.
The orc warrior is severely wounded.
The orc warrior hits you with a hand axe!
* * * LOW HITPOINT WARNING * * *
You are too injured to fight recklessly!
Really read
p - 3 scrolls of blinking {!r}?
Blink to where?
Press: ? - help, Dir - move target cursor, p - orc warrior You are very lightly contaminated with residual magic.
As you read the scroll of blinking {!r}, it crumbles to dust.
You gain the combat prowess of a mighty hero.
Firing (i - inventory. (,) - cycle):
d - 38 arrows (quivered)
Press: ? - help, Shift-Dir - straight line, f - orc warrior
Aim: an orc warrior, wielding a hand axe and wearing a ring mail (severely wounded)
You shoot an arrow.
The arrow barely misses the orc warrior.
Firing (i - inventory. (,) - cycle):
d - 37 arrows (quivered)
Press: ? - help, Shift-Dir - straight line, f/p - orc warrior
Aim: an orc warrior, wielding a hand axe and wearing a ring mail (severely wounded)
You shoot an arrow. The arrow hits the orc warrior.
The orc warrior is almost dead.
Firing (i - inventory. (,) - cycle):
d - 36 arrows (quivered)
Press: ? - help, Shift-Dir - straight line, f/p - orc warrior
Aim: an orc warrior, wielding a hand axe and wearing a ring mail (almost dead)
You shoot an arrow.
The arrow hits the orc warrior but does no damage.
The orc warrior is almost dead.
Firing (i - inventory. (,) - cycle):
d - 35 arrows (quivered)
Press: ? - help, Shift-Dir - straight line, f/p - orc warrior
Aim: an orc warrior, wielding a hand axe and wearing a ring mail (almost dead)
You shoot an arrow.
The arrow closely misses the orc warrior.
Firing (i - inventory. (,) - cycle):
d - 34 arrows (quivered)
Press: ? - help, Shift-Dir - straight line, f/p - orc warrior
Aim: an orc warrior, wielding a hand axe and wearing a ring mail (almost dead)
You shoot an arrow.
The arrow barely misses the orc warrior.
Firing (i - inventory. (,) - cycle):
d - 33 arrows (quivered)
Press: ? - help, Shift-Dir - straight line, f/p - orc warrior
Aim: an orc warrior, wielding a hand axe and wearing a ring mail (almost dead)
You shoot an arrow.
The arrow closely misses the orc warrior.
Firing (i - inventory. (,) - cycle):
d - 32 arrows (quivered)
Press: ? - help, Shift-Dir - straight line, f/p - orc warrior
Aim: an orc warrior, wielding a hand axe and wearing a ring mail (almost dead)
You shoot an arrow.
The arrow closely misses the orc warrior.
The orc warrior hits you with a hand axe!
You die...

#..'.....'..#
#####'''#####
#.........).#
######≈≈≈≈...≈≈))#####
≈≈≈≈≈≈≈≈≈≈...≈≈≈≈≈≈≈≈≈≈≈
≈≈≈≈≈≈≈≈≈≈..)≈≈≈≈≈≈≈≈≈≈≈
≈≈≈≈≈≈≈≈≈≈...≈≈≈≈≈≈≈≈≈≈≈
≈≈≈≈≈≈≈≈≈≈...≈≈≈≈≈≈≈≈≈≈≈
≈≈≈≈≈≈≈.(.@)....≈≈≈≈≈≈≈≈
########..o..).#########
#..(....# #..)....#
#.((∩...# #..()...#
###(..### #(∩.# #####


You could see an orc warrior.

Vanquished Creatures
  A kobold demonologist (Bailey)
  A water moccasin (D:6)
  An orc warrior (Bailey)
  A black bear (D:7)
  A phantom (D:7)
  6 ogres
  A centaur (D:6)
  A big kobold (D:7)
  3 bullfrogs
  4 scorpions
  6 killer bees (D:7)
  2 wights (D:7)
  A howler monkey (D:6)
  An electric eel (Bailey)
  A jelly (D:7)
  A quasit (D:6)
  A bullfrog skeleton (D:6)
  2 hounds (D:6)
  2 orc priests (D:6)
  A centaur skeleton (D:7)
  2 iguanas
  6 worker ants
  A worker ant zombie (D:7)
  5 gnolls
  8 adders
  A river rat (D:3)
  7 oozes
  An adder zombie (D:6)
  5 worms
  12 leopard geckos
  21 orcs
  4 giant cockroaches
  12 goblins
  12 hobgoblins
  20 jackals
  16 kobolds
  A quokka (D:2)
  7 ball pythons
  12 bats
  4 frilled lizards
  2 leopard gecko skeletons
  A quokka zombie (D:8)
  13 rats
211 creatures vanquished.

Notes
Turn   | Place    | Note
-------+----------+-------------------------------------------
     0 | D:1      | Amnesiac the Mummy Hunter began the quest for the Orb.
     0 | D:1      | Reached XP level 1. HP: 16/16 MP: 1/1
    82 | D:1      | Reached skill level 1 in Armour
    82 | D:1      | Reached XP level 2. HP: 16/22 MP: 2/2
   249 | D:1      | Reached XP level 3. HP: 27/27 MP: 3/3
  1044 | D:2      | Reached XP level 4. HP: 34/34 MP: 4/4
  1412 | D:2      | Found a bloodstained altar of Trog.
  1448 | D:2      | Found an iron altar of Okawaru.
  1521 | D:2      | Became a worshipper of Warmaster Okawaru
  1757 | D:2      | Found a bloodstained altar of Trog.
  2098 | D:2      | Found an iron altar of Okawaru.
  2184 | D:3      | Noticed Grinder
  2212 | D:2      | Reached skill level 4 in Bows
  2212 | D:2      | Reached XP level 5. HP: 30/39 MP: 5/5
  2656 | D:3      | Found a glowing drain.
  2706 | Sewer    | Entered a sewer
  3099 | Sewer    | Reached skill level 1 in Invocations
  3475 | Sewer    | Reached XP level 6. HP: 39/47 MP: 6/6
  4165 | D:4      | Found Raez's Book Boutique.
  4296 | D:4      | Reached * piety under Okawaru
  4296 | D:4      | Reached XP level 7. HP: 32/52 MP: 8/8
  4556 | D:4      | Reached skill level 5 in Bows
  4924 | D:5      | Entered Level 5 of the Dungeon
  5020 | D:5      | Found a staircase to the Ecumenical Temple.
  5608 | D:5      | Found a white marble altar of Elyvilon.
  5608 | D:5      | Found a snail-covered altar of Cheibriados.
  5609 | D:5      | Found a radiant altar of Vehumet.
  5644 | D:5      | Found a shadowy altar of Dithmenos.
  6034 | D:6      | Found Poimug's Distillery.
  6398 | D:6      | Reached ** piety under Okawaru
  6398 | D:6      | Reached XP level 8. HP: 29/60 MP: 8/10
  6984 | D:6      | Noticed a red ugly thing
  7118 | D:7      | Reached skill level 6 in Bows
  7545 | D:7      | Reached *** piety under Okawaru
  7545 | D:7      | Reached skill level 5 in Fighting
  7624 | D:7      | Reached XP level 9. HP: 54/68 MP: 11/11
  8077 | D:7      | Found a stormy altar of Qazlal.
  8161 | D:8      | Found a flagged portal.
  8252 | Bailey   | Entered a bailey
  8292 | Bailey   | Reached skill level 7 in Bows
  8506 | Bailey   | Noticed a kobold demonologist
  8595 | Bailey   | Killed a kobold demonologist
  8595 | Bailey   | Reached **** piety under Okawaru
  8735 | Bailey   | Slain by an orc warrior

Vault maps used:
D:1:      sevenhm_arrival_forest_fort_large_2, minmay_surrounded
D:2:      okawaru_altar_gauntlet_db, first_bread,
          hangedman_abyss_or_decor_lesser_grid, minmay_misc_feat_secret_circle,
          trog_book
D:3:      portal_sewer_entry_c, minmay_misc_feat_four_crosses, uniq_grinder
D:4:      serial_co_window_serial, co_window_paths_a, co_window_paths_a,
          co_window_of_opportunity_a, co_window_paths_b, co_window_corner_a,
          co_window_corner_cb, co_window_cross_3, co_window_broadway_b,
          co_window_4corner_b, co_window_4corner_a, serial_shops, shop_statue,
          hex_tiny
D:5:      gammafunk_temple_overflow_claw, minmay_temple_entry_statues_fountains,
          serial_corexii_hall, corexii_hall_statues_s, corexii_hall_statues_x,
          corexii_hall_statues_x, corexii_hall_statues_x,
          grunt_dithmenos_smoke_and_mirrors
D:6:      serial_shops, nicolae_shop_trees
D:7:      nicolae_qazlal_general_emergency
D:8:      enter_bailey_2, hangedman_pestilent_swarm, kennysheep_generic_room_16
Sewer:    sewer_fruit_machine
Bailey:   bailey_axe_of_yendor_kennysheep, bailey

Skill      XL: |  1  2  3  4  5  6  7  8  9 |
---------------+----------------------------+-----
Armour         | 1 2 3 4 |  4.6
Dodging        | 2 3 4 |  4.6
Bows           | 4 5 6 7 |  7.2
Fighting       | 3 4 5 |  5.6
Invocations    | 1 2 3 4 |  4.4
Stealth        | |  0.7

Action                   |  1- 3 |  4- 6 |  7- 9 || total
-------------------------+-------+-------+-------++-------
Melee: Dagger            |     9 |   313 |   241 ||   563
 Fire: Shortbow          |    92 |   131 |   304 ||   527
Invok: Heroism           |       |       |     3 ||     3
Evoke: Wand              |       |       |     1 ||     1
  Use: Scroll            |       |     7 |     7 ||    14
Armor: Leather armour    |     1 |       |       ||     1
       Ring mail         |       |   151 |   113 ||   264
Dodge: Dodged            |    18 |   242 |   211 ||   471

Table legend:
 A = Spawn XP
 B = Non-spawn XP
 C = Spawn XP percentage of total XP
 D = Spawn monster count
 E = Non-spawn monster count
 F = Spawn count percentage of total count
 G = Total turns spent on level
                    A         B        C        D         E        F      G
               +---------+---------+-------+---------+---------+-------+---------
         Total |       0 |    4107 |   0.0 |       0 |     211 |   0.0 |  8735
               +---------+---------+-------+---------+---------+-------+---------
           D:1 |       0 |      94 |   0.0 |       0 |      44 |   0.0 |  1071
           D:2 |       0 |     103 |   0.0 |       0 |      30 |   0.0 |  1101
           D:3 |       0 |     112 |   0.0 |       0 |      28 |   0.0 |   806
           D:4 |       0 |     538 |   0.0 |       0 |       9 |   0.0 |  1044
           D:5 |       0 |     149 |   0.0 |       0 |       8 |   0.0 |  1035
           D:6 |       0 |     786 |   0.0 |       0 |      24 |   0.0 |  1153
           D:7 |       0 |    1502 |   0.0 |       0 |      25 |   0.0 |  1004
           D:8 |       0 |     157 |   0.0 |       0 |       4 |   0.0 |   136
         Sewer |       0 |      90 |   0.0 |       0 |      26 |   0.0 |   902
        Bailey |       0 |     576 |   0.0 |       0 |      13 |   0.0 |   483
               +---------+---------+-------+---------+---------+-------+---------
